 Dungeon Crawl Stone Soup version 0.30-a0-1085-g990a428a5c (webtiles) character file.

Game seed: 12398792236050484796

1416 Zonian the Ducker (level 8, -1/64 HPs)
             Began as a Gnoll Gladiator on Apr 17, 2023.
             Killed by nerve-wracking pain
             ... invoked by an orc priest
              (9 damage)
             ... on level 7 of the Dungeon.
             The game lasted 00:14:53 (9413 turns).

Zonian the Ducker (Gnoll Gladiator)                 Turns: 9413, Time: 00:14:54

Health: -1/64      AC:  6    Str: 13    XL:     8   Next: 71%
Magic:  13/13      EV: 14    Int:  8    God:
Gold:   75         SH:  0    Dex: 16    Spells: 14/14 levels left

rFire   . . .      SeeInvis .    a - +1 rapier
rCold   . . .      Faith    .    (no shield)
rNeg    . . .      Spirit   .    w - +0 ring mail
rPois   .          Reflect  .    c - +0 helmet
rElec   .          Rampage  .    (no cloak)
rCorr   .                        (no gloves)
Will    .....                    (no boots)
Stlth   ++                       (no amulet)
HPRegen 0.30/turn                (no ring)
MPRegen 0.13/turn                (no ring)

@: no status effects
A: fangs 1, strong nose, distributed training
a: no special abilities


You were on level 7 of the Dungeon.
You visited 2 branches of the dungeon, and saw 8 of its levels.

You collected 335 gold pieces.
You spent 260 gold pieces at shops.

Inventory:

Hand Weapons
 a - a +1 rapier (weapon)
Missiles
 i - 30 poisoned darts (quivered)
 r - 3 boomerangs of dispersal
 y - 7 boomerangs
Armour
 b - a +0 leather armour
 c - a +0 helmet (worn)
 w - a +0 ring mail (worn)
Jewellery
 d - a ring of positive energy
 u - an amulet of regeneration
 v - a ring of see invisible
Wands
 q - a wand of polymorph (9)
 s - a wand of mindburst (16)
Scrolls
 f - 4 scrolls of enchant weapon
 h - 3 scrolls of noise
 l - 2 scrolls of magic mapping
 m - a scroll of poison
Potions
 e - a potion of might
 g - 3 potions of curing
 j - 3 potions of mutation
 n - a potion of invisibility
 p - 2 potions of brilliance {unknown}
 t - a potion of attraction {unknown}
 x - a potion of flight {unknown}
 z - a potion of haste {unknown}


   Skills:
 + Level 5.9 Fighting
 + Level 7.5 Short Blades
 + Level 3.6 Long Blades
 + Level 3.6 Axes
 + Level 3.6 Maces & Flails
 + Level 3.6 Polearms
 + Level 3.6 Staves
 + Level 3.6 Ranged Weapons
 + Level 5.9 Throwing
 + Level 3.6 Armour
 + Level 7.5 Dodging
 + Level 3.6 Stealth
 + Level 3.6 Shields
 + Level 3.6 Unarmed Combat
 + Level 3.6 Spellcasting
 + Level 3.0 Conjurations
 + Level 3.0 Hexes
 + Level 3.0 Summonings
 + Level 3.0 Necromancy
 + Level 3.0 Translocations
 + Level 3.0 Transmutations
 + Level 3.0 Fire Magic
 + Level 3.0 Ice Magic
 + Level 3.0 Air Magic
 + Level 3.0 Earth Magic
 + Level 3.0 Poison Magic
 + Level 4.0 Invocations
 + Level 3.6 Evocations


You had 14 spell levels left.
You didn't know any spells.
Your spell library contained the following spells:

 Spells                   Type           Power      Damage    Failure   Level
 Magic Dart               Conj           24%        1d4       19%         1
 Call Imp                 Summ           12%        N/A       26%         2
 Frozen Ramparts          Ice            12%        1d2       47%         3
 Mephitic Cloud           Conj/Pois/Air  6%         N/A       47%         3
 Summon Guardian Golem    Hex/Summ       6%         N/A       47%         3
 Ice Form                 Ice/Tmut       6%         N/A       87%         4
 Summon Ice Beast         Ice/Summ       6%         N/A       87%         4
 Orb of Destruction       Conj           3%         9d5       100%        7
 Spellforged Servitor     Conj/Summ      3%         N/A       100%        7


Dungeon Overview and Level Annotations

Branches:
Dungeon (7/15)             Temple (1/1) D:6

Altars:
Dithmenos
Elyvilon
Fedhas
Gozag
Hepliaklqana
Kikubaaqudgha
Makhleb
Nemelex Xobeh
Okawaru
Qazlal
Ru
Sif Muna
Trog
Uskayaw
Vehumet
Wu Jian
Xom
Yredelemnul
Zin
The Shining One

Shops:
D:1 [   D:6 !   D:7 :

Annotations:
D:4 1 runed translucent door


Innate Abilities, Weirdness & Mutations

You have very sharp teeth.
Your uncanny sense of smell can sniff out nearby items.
Your experience applies equally to all skills.


Message History

You throw a javelin. The javelin pierces through the kobold!
You kill the kobold!
The javelin pierces through the orc priest!
The orc priest is severely wounded.
The javelin closely misses the orc priest.
The javelin pierces through the orc!
You kill the orc!
The javelin barely misses the orc priest.
The kobold closely misses you.
Unknown command.
You hit the orc priest but do no damage.
The orc priest is severely wounded.
The kobold hits you but does no damage.
The orc priest hits you but does no damage.
You puncture the orc priest!
You kill the orc priest!
Unknown command.
Aiming: Mindburst
Press: ? - help, Shift-Dir - straight line, f - kobold
Aim: a kobold, wielding a +0 whip and quivering stones (chance to affect: 89%)
The kobold's mind is blasted!!
You blow up the kobold!
The orc priest invokes the aid of Beogh against you.
Pain shoots through your body!
* * * LOW HITPOINT WARNING * * *
The orc priest misses you.
Items here: ( )) ††.
You puncture the orc priest!
The orc priest is heavily wounded.
The orc priest barely misses you.
Unknown command.
You hit the orc priest.
The orc priest is severely wounded.
The orc priest calls upon Beogh to heal the orc priest.
The orc priest is healed somewhat.
The orc priest closely misses you.
You closely miss the orc priest.
The orc priest is heavily wounded.
The orc priest calls down the wrath of Beogh upon you.
Pain shoots through your body!
You die...

#.#.# #.# #.#.# #.#
#.#.# ###.# #.#.#
.#.#####.#.######
................
#.#####.#.######
...######)#####........†
.(..ooo@...)....#.######
#################.# #.#
#.# #### #.# #... #.#
#.## #.... ####


You could see 2 orc priests and an orc.

Vanquished Creatures
  2 orc warriors
  A black bear (D:5)
  2 ogres (D:5)
  A phantom (D:4)
  2 kobold brigands (D:7)
  A scorpion (D:7)
  A howler monkey (D:5)
  A jelly (D:6)
  3 orc priests
  A human skeleton (D:4)
  2 sleepcaps (D:6)
  6 iguanas
  Terence (D:3)
  7 gnolls
  6 adders
  2 shadow imps
  A white imp (D:5)
  2 ufetubi
  4 dart slugs
  9 orcs
  10 bats
  11 endoplasms
  5 giant cockroaches
  4 goblins
  11 hobgoblins
  4 jackals (D:4)
  7 quokkas
  8 ball pythons
  4 frilled lizards
  10 kobolds
  4 rats
133 creatures vanquished.

Notes
Turn   | Place    | Note
-------+----------+-------------------------------------------
     0 | D:1      | Zonian the Gnoll Gladiator began the quest for the Orb.
     0 | D:1      | Reached XP level 1. HP: 20/20 MP: 1/1
   118 | D:1      | Reached XP level 2. HP: 26/26 MP: 2/2
   310 | D:1      | Found Cikyff's Armour Boutique.
   350 | D:1      | Reached XP level 3. HP: 31/31 MP: 3/3
   544 | D:1      | Reached skill level 1 in Invocations
   820 | D:2      | Reached skill level 1 in Long Blades
   820 | D:2      | Reached skill level 1 in Axes
   820 | D:2      | Reached skill level 1 in Maces & Flails
   820 | D:2      | Reached skill level 1 in Polearms
   820 | D:2      | Reached skill level 1 in Staves
   820 | D:2      | Reached skill level 1 in Ranged Weapons
   820 | D:2      | Reached skill level 1 in Armour
   820 | D:2      | Reached skill level 1 in Stealth
   820 | D:2      | Reached skill level 1 in Shields
   820 | D:2      | Reached skill level 1 in Unarmed Combat
   820 | D:2      | Reached skill level 1 in Spellcasting
   820 | D:2      | Reached skill level 1 in Evocations
   980 | D:2      | Reached XP level 4. HP: 31/38 MP: 5/5
  1148 | D:2      | Found a faded altar of an unknown god.
  1433 | D:3      | Reached skill level 1 in Conjurations
  1433 | D:3      | Reached skill level 1 in Hexes
  1433 | D:3      | Reached skill level 1 in Summonings
  1433 | D:3      | Reached skill level 1 in Necromancy
  1433 | D:3      | Reached skill level 1 in Translocations
  1433 | D:3      | Reached skill level 1 in Transmutations
  1433 | D:3      | Reached skill level 1 in Fire Magic
  1433 | D:3      | Reached skill level 1 in Ice Magic
  1433 | D:3      | Reached skill level 1 in Air Magic
  1433 | D:3      | Reached skill level 1 in Earth Magic
  1433 | D:3      | Reached skill level 1 in Poison Magic
  1554 | D:3      | Reached XP level 5. HP: 30/43 MP: 5/7
  1955 | D:3      | Noticed Terence
  1978 | D:3      | Killed Terence
  3065 | D:4      | Found a runed translucent door.
  3066 | D:4      | Noticed a human
  3071 | D:4      | Found a basalt altar of Yredelemnul.
  3266 | D:4      | Found an ancient bone altar of Kikubaaqudgha.
  3715 | D:4      | HP: 1/43 [gnoll/+0 halberd (8)]
  4466 | D:4      | Reached XP level 6. HP: 7/50 MP: 8/8
  4865 | D:4      | Reached skill level 5 in Fighting
  4865 | D:4      | Reached skill level 5 in Throwing
  5079 | D:5      | Entered Level 5 of the Dungeon
  5081 | D:5      | Noticed a black bear
  5090 | D:5      | Killed a black bear
  5142 | D:5      | Reached XP level 7. HP: 28/56 MP: 10/10
  5438 | D:5      | Found a white marble altar of Elyvilon.
  5445 | D:5      | Found a glowing silver altar of Zin.
  5817 | D:5      | Found an opulent altar of Gozag.
  7472 | D:6      | Reached XP level 8. HP: 63/63 MP: 12/12
  7756 | D:6      | Found Olaqeila's Distillery.
  7762 | D:6      | Bought a potion of might for 52 gold pieces
  7762 | D:6      | Bought a potion of curing for 39 gold pieces
  7762 | D:6      | Bought a potion of invisibility for 104 gold pieces
  7762 | D:6      | Bought a potion of heal wounds for 65 gold pieces
  8673 | D:6      | Found a staircase to the Ecumenical Temple.
  8683 | Temple   | Entered the Ecumenical Temple
  8683 | Temple   | Found a transporter.
  8683 | Temple   | Found a transporter.
  8685 | Temple   | Found a transporter.
  8685 | Temple   | Found a transporter.
  9078 | D:7      | Found Xorarab's Vocational Training.
  9413 | D:7      | Killed from afar by an orc priest

Illustrated notes

Levels and vault maps discovered:
D:1:      minmay_arrival_five_plusses, layout_loops_cross, serial_shops, shop,
          minmay_ruptured
D:2:      layout_rooms, nicolae_ecumenical_snake_handling
D:3:      layout_rooms, kennysheep_cross_room, uniq_terence
D:4:      layout_loops_ring, dk_yredelemnul_ordeal, mainiacjoe_overflow_chevrons
D:5:      layout_gridville, nicolae_overflow_crystal_walls,
          mainiacjoe_overflow_big_doors
D:6:      layout_layer_cave, minmay_temple_entry_poolview, serial_shops, shop
D:7:      layout_loops_ring, nicolae_shop_vocational
Temple:   hellmonk_temple_divided_pantheon

Skill      XL: |  1  2  3  4  5  6  7  8 |
---------------+-------------------------+-----
Invocations    | 1 2 3 4 |  4.0
Long Blades    | 1 2 3 |  3.6
Axes           | 1 2 3 |  3.6
Maces & Flails | 1 2 3 |  3.6
Polearms       | 1 2 3 |  3.6
Staves         | 1 2 3 |  3.6
Ranged Weapons | 1 2 3 |  3.6
Armour         | 1 2 3 |  3.6
Stealth        | 1 2 3 |  3.6
Shields        | 1 2 3 |  3.6
Unarmed Combat | 1 2 3 |  3.6
Spellcasting   | 1 2 3 |  3.6
Evocations     | 1 2 3 |  3.6
Conjurations   | 1 2 3 |  3.0
Hexes          | 1 2 3 |  3.0
Summonings     | 1 2 3 |  3.0
Necromancy     | 1 2 3 |  3.0
Translocations | 1 2 3 |  3.0
Transmutations | 1 2 3 |  3.0
Fire Magic     | 1 2 3 |  3.0
Ice Magic      | 1 2 3 |  3.0
Air Magic      | 1 2 3 |  3.0
Earth Magic    | 1 2 3 |  3.0
Poison Magic   | 1 2 3 |  3.0
Fighting       | 5 |  5.9
Throwing       | 5 |  5.9
Short Blades   | 7 |  7.5
Dodging        | 7 |  7.5

Action                     |  1- 3 |  4- 6 |  7- 9 || total
---------------------------+-------+-------+-------++-------
  Melee: Rapier            |   102 |   207 |   254 ||   563
         Bite              |     6 |    23 |    33 ||    62
         Punch             |     2 |     2 |     7 ||    11
  Throw: Throwing net      |       |     7 |     2 ||     9
         Dart              |       |     6 |    12 ||    18
         Javelin           |       |     2 |     2 ||     4
  Evoke: Wand              |       |     2 |     1 ||     3
    Use: Scroll            |       |     9 |     2 ||    11
         Potion            |       |     2 |     6 ||     8
   Stab: Sleeping          |     1 |    11 |     3 ||    15
         Held in net/web   |       |     2 |     2 ||     4
         Invisible         |       |     1 |       ||     1
 Armour: Leather armour    |    19 |    31 |     4 ||    54
         Ring mail         |       |       |    47 ||    47
  Dodge: Dodged            |    60 |   132 |   162 ||   354

Table legend: (Time is in decaauts)
 A = Elapsed time spent in this place.
 B = Non-inter-level travel time spent in this place.
 C = Inter-level travel time spent in this place.
 D = Time resting spent in this place.
 E = Time spent auto-exploring this place.
 F = Levels seen in this place.
 G = Mean time per level.
                   A        B        C        D        E       F      G
               +--------+--------+--------+--------+--------+-----+--------+
         Total |   9327 |   9107 |    220 |   3590 |   3843 |   8 | 1165.9 |
       Dungeon |   9273 |   9053 |    220 |   3590 |   3842 |   7 | 1324.7 |
        Temple |     53 |     53 |      0 |      0 |      1 |   1 |   53.0 |
               +--------+--------+--------+--------+--------+-----+--------+

Top non-repeatable levels by time:
     D:3: 2333 daAuts
     D:6: 2094 daAuts
     D:5: 1510 daAuts
     D:4: 1372 daAuts
     D:1: 787 daAuts
     D:2: 589 daAuts
     D:7: 585 daAuts
  Temple: 53 daAuts
